 Dungeon Crawl Stone Soup version 0.32-a0-938-g40ac7a0f4d (webtiles) character file.

Game seed: 8888439897822386965

245 ezpacito the Chopper (level 6, -10/48 HPs)
             Began as a Coglin Chaos Knight on Apr 15, 2024.
             Was a Plaything of Xom.
             Blown up by a centaur (14 damage)
             ... with a mindburst bolt
             ... on level 4 of the Dungeon.
             The game lasted 00:03:20 (3049 turns).

ezpacito the Chopper (Coglin Chaos Knight)          Turns: 3049, Time: 00:03:20

Health: -10/48     AC:  7    Str: 14    XL:     6   Next: 10%
Magic:  7/7        EV: 10    Int: 12    God:    Xom [..*...]
Gold:   291        SH:  0    Dex: 13    Spells: 7/7 levels left

rFire   . . .        a - +0 hand axe (chaos) {Poromaem}
rCold   + . .        w - +0 spear {Surjit}
rNeg    . . .        n - +2 ring mail {rC+}
rPois   .            (no helmet)
rElec   .            (no cloak)
rCorr   .            (no gloves)
SInv    .            (no boots)
Will    .....        (amulet unavailable)
Stlth   +            (ring unavailable)
HPRegen 0.28/turn    (ring unavailable)
MPRegen 0.10/turn    (no gizmo)

%: no passive effects
@: revving
A: off-hand wielding, slow wielding, warmup strikes, no jewellery
a: Invent Gizmo, Renounce Religion


You were on level 4 of the Dungeon.
You worshipped Xom.
You were a toy of Xom.
You visited 2 branches of the dungeon, and saw 5 of its levels.

You collected 291 gold pieces.

Inventory:

Hand Weapons
 a - a +0 hand axe of chaos (weapon) {Poromaem}
 i - a +0 war axe
 w - a +0 spear (offhand) {Surjit}
Missiles
 f - 2 throwing nets (quivered)
Armour
 n - a +2 ring mail of cold resistance (worn)
 x - a +0 plate armour
Magical Staves
 m - a staff of fire {Yejun}
Talismans
 b - a flux talisman
Scrolls
 c - 3 scrolls of butterflies
 d - a scroll of fog
 q - a scroll of amnesia
 t - 2 scrolls of teleportation
Potions
 e - a potion of magic {unknown}
 h - 2 potions of attraction {unknown}
 j - a potion of degeneration {unknown}
 k - 2 potions of might {unknown}
 o - 2 potions of enlightenment {unknown}
 p - a potion of mutation {unknown}
 r - a potion of haste {unknown}
Miscellaneous
 v - a lightning rod (4/4)


   Skills:
 * Level 3.7 Fighting
 * Level 3.7(4.0) Axes
 * Level 1.7(2.8) Polearms
 * Level 2.8 Armour
 * Level 1.7 Dodging
 + Level 1.0 Stealth
 + Level 1.1 Spellcasting
 + Level 0.5 Fire Magic
 + Level 1.1 Evocations
 + Level 0.5 Shapeshifting


You had 7 spell levels left.
You didn't know any spells.
Your spell library contained the following spells:

 Spells                   Type           Power      Damage    Failure   Level
 Freeze                   Ice            0%         1d3       52%         1
 Blink                    Tloc           0%         N/A       65%         2
 Lesser Beckoning         Tloc           0%         N/A       65%         2
 Momentum Strike          Conj/Tloc      0%         3d8       65%         2
 Frozen Ramparts          Ice            0%         1d1       87%         3
 Hailstorm                Conj/Ice       0%         3d5       87%         3


Dungeon Overview and Level Annotations

Branches:
Dungeon (4/15)             Temple (1/1) D:4

Altars:
Ashenzari
Cheibriados
Dithmenos
Elyvilon
Fedhas
Gozag
Hepliaklqana
Okawaru
Qazlal
Ru
Sif Muna
Trog
Uskayaw
Vehumet
Wu Jian
The Shining One

Shops:
D:2 :


Innate Abilities, Weirdness & Mutations

You can wield a second weapon in your off-hand.
It takes a long time for you to wield or remove held weapons.
Your first few attacks do less damage.
You cannot equip rings or amulets.


Message History

Your butterfly dies!
Your butterfly disappears in a burst of colours!
The centaur hits you.
The centaur kicks you but does no damage.
You take 3 damage, and have 31/48 hp.
You hit the centaur with your +0 spear.
The centaur is lightly wounded.
You hit the centaur but do no damage.
The centaur zaps a wand.
Your mind is blasted!
* * * LOW HITPOINT WARNING * * *
The centaur hits you.
* * * LOW HITPOINT WARNING * * *
The centaur barely misses you.
You take 21 damage, and have 10/48 hp.
MASSIVE DAMAGE!!
You hit the centaur with your +0 spear.
The centaur is lightly wounded.
You hit the centaur but do no damage. Xom grants you insight.
You feel aware of your surroundings.
The centaur zaps a wand.
Your mind is blasted!
* * * LOW HITPOINT WARNING * * *
You take 1 damage, and have 9/48 hp.
You hit the centaur with your +0 spear.
The centaur is moderately wounded.
You hit the centaur with your +0 hand axe of chaos.
You drain the centaur.
Your butterfly disappears in a burst of colours!
The centaur hits you but does no damage.
The centaur kicks you.
* * * LOW HITPOINT WARNING * * *
The centaur zaps a wand.
Your mind is blasted!
* * * LOW HITPOINT WARNING * * *
You take 5 damage, and have 4/48 hp.
You barely miss the centaur with your +0 hand axe of chaos.
The centaur is heavily wounded.
You hit the centaur with your +0 spear.
Your butterfly disappears in a burst of colours! x3
The centaur zaps a wand.
Your mind is blasted!
You die...
Xom chuckles heartily!

.#....#.........##......#.###.†#.
##....#........b##......#.#....†.
#....#.......bb##....###.#.#..##
#....#....b..b.##.######.#.#.#..
#....#......b.b...## #.....#....
######....b....#b..###.#.......#
######b...#...##..)..###.. *
*#####.##c#.#..#.....# ### *,
.....bb#@#.##.....[.####. *
.....b.#.#.###.....###...
,..b..b.#b#.#####...#...##
.....b...#...........### *
#######..#########.#>.##
,.......<......$,*#.#### * * *,<
...###.########,*.. ,,,,, , ,,,,
#., , ,#..,,, , , , , *, #., * *
*#., , * ,


You could see a centaur (drained, ally target).

Vanquished Creatures
  2 bombardier beetles (D:4)
  Natasha (thrice) (D:3)
  2 adders
  2 dart slugs (D:1)
  3 ribbon worms
  An orc (D:3)
  8 ball pythons
  10 endoplasms
  3 giant cockroaches
  3 hobgoblins
  11 jackals
  3 kobolds
  3 quokkas
  8 bats
  2 frilled lizards
  6 goblins
  4 rats
74 creatures vanquished.

Notes
Turn   | Place    | Note
-------+----------+-------------------------------------------
     0 | D:1      | ezpacito the Coglin Chaos Knight began the quest for the
                  | Orb.
     0 | D:1      | Reached XP level 1. HP: 18/18 MP: 1/1
    76 | D:1      | XOM: silly message
   129 | D:1      | Found a faded altar of an unknown god.
   146 | D:1      | Reached skill level 1 in Dodging
   174 | D:1      | Reached XP level 2. HP: 18/24 MP: 2/2
   503 | D:1      | Reached XP level 3. HP: 29/29 MP: 3/3
   821 | D:1      | XOM: cloud trail
  1093 | D:2      | Found a snail-covered altar of Cheibriados.
  1109 | D:2      | Found Roiqin's Vocational Training.
  1295 | D:2      | Reached skill level 1 in Polearms
  1659 | D:3      | XOM: butterfly on damage
  1661 | D:3      | Reached XP level 4. HP: 17/35 MP: 5/5
  2078 | D:3      | Noticed Natasha
  2082 | D:3      | Killed Natasha
  2131 | D:3      | Reached XP level 5. HP: 41/41 MP: 6/6
  2478 | D:3      | Noticed Natasha
  2482 | D:3      | Killed Natasha
  2483 | D:3      | Reached skill level 1 in Spellcasting
  2487 | D:3      | XOM: silly message
  2529 | D:4      | Noticed a centaur
  2664 | D:3      | Noticed Natasha
  2673 | D:3      | Killed Natasha
  2823 | D:4      | Reached skill level 1 in Evocations
  2919 | D:4      | Found a staircase to the Ecumenical Temple.
  2919 | D:4      | XOM: noise
  2924 | D:4      | XOM: noise
  2935 | D:4      | Reached skill level 1 in Stealth
  2935 | D:4      | Reached XP level 6. HP: 48/48 MP: 7/7
  2940 | Temple   | Entered the Ecumenical Temple
  3047 | D:4      | XOM: divination: magic mapping
  3049 | D:4      | Blown up by a centaur

Illustrated notes

Levels and vault maps discovered:
D:1:      dpeg_arrival_round_a, layout_basic, serial_rivers,
          chequers_serial_rivers_micro_d, chequers_serial_rivers_marsh,
          chequers_serial_rivers_small_b, chequers_serial_rivers_large_b,
          chequers_serial_rivers_small_a,
          shapermc_ecumenical_altar_totnotflames, hangedman_decor_growths
D:2:      layout_basic, basic_altar, nicolae_shop_vocational
D:3:      layout_basic, minmay_checkerbox, uniq_natasha
D:4:      layout_basic, minmay_temple_entry_mini_moons, lemuel_flame_loot_1
Temple:   nicolae_temple_x_marks_the_god

Skill      XL: |  1  2  3  4  5 |
---------------+----------------+-----
Dodging        | 1 |  1.7
Armour         | 2 |  2.8
Polearms       | 1 |  1.7
Spellcasting   | 1 |  1.1
Evocations     | 1 |  1.1
Stealth        | 1 |  1.0
Fighting       | |  3.7
Axes           | |  3.7
Fire Magic     | |  0.5
Shapeshifting  | |  0.5

Action                     |  1- 3 |  4- 6 || total
---------------------------+-------+-------++-------
  Melee: Hand axe          |    77 |    73 ||   150
         Dagger            |    70 |       ||    70
         Staff             |       |    30 ||    30
         Spear             |       |    47 ||    47
    Use: Potion            |     1 |     2 ||     3
         Scroll            |       |    10 ||    10
   Stab: Paralysed         |       |     2 ||     2
 Armour: Leather armour    |    46 |       ||    46
         Chain mail        |     5 |    70 ||    75
         Ring mail         |       |     7 ||     7
  Dodge: Dodged            |    43 |    28 ||    71

Table legend: (Time is in decaauts)
 A = Elapsed time spent in this place.
 B = Non-inter-level travel time spent in this place.
 C = Inter-level travel time spent in this place.
 D = Time resting spent in this place.
 E = Time spent auto-exploring this place.
 F = Levels seen in this place.
 G = Mean time per level.
                   A        B        C        D        E       F      G
               +--------+--------+--------+--------+--------+-----+--------+
         Total |   3095 |   2922 |    173 |     80 |   2219 |   5 |  619.0 |
       Dungeon |   3093 |   2921 |    172 |     80 |   2219 |   4 |  773.2 |
        Temple |      1 |      1 |      0 |      0 |      0 |   1 |    1.0 |
               +--------+--------+--------+--------+--------+-----+--------+

Top non-repeatable levels by time:
     D:3: 1098 daAuts
     D:1: 1063 daAuts
     D:2: 613 daAuts
     D:4: 317 daAuts
  Temple: 1 daAuts
